 Dungeon Crawl Stone Soup version 0.31-a0-765-g67fe2935dc (webtiles) character file.

Game seed: 6103270476067712742

79 milododd the Grave Robber (level 4, -3/30 HPs)
             Began as a Human Necromancer on Sept 16, 2023.
             Killed by divine providence
             ... invoked by an orc priest
              (11 damage)
             ... on level 3 of the Dungeon.
             The game lasted 00:06:38 (2850 turns).

milododd the Grave Robber (Human Necromancer)       Turns: 2850, Time: 00:06:39

Health: -3/30      AC:  2    Str: 17    XL:     4   Next: 64%
Magic:  8/8        EV: 13    Int: 15    God:
Gold:   137        SH:  0    Dex: 19    Spells: 6/8 levels left

rFire   . . .        c - +0 dagger
rCold   . . .        (no shield)
rNeg    . . .        f - +0 robe
rPois   .            (no helmet)
rElec   .            (no cloak)
rCorr   .            (no gloves)
SInv    .            (no boots)
Will    .....        (no amulet)
Stlth   +++          n - +6 ring of dexterity
HPRegen 0.25/turn    p - +6 ring of strength
MPRegen 0.11/turn

%: no passive effects
@: no status effects
A: no striking features
a: no special abilities


You were on level 3 of the Dungeon.
You visited 1 branch of the dungeon, and saw 3 of its levels.

You collected 137 gold pieces.

Inventory:

Hand Weapons
 c - a +0 dagger (weapon)
Missiles
 k - 3 poisoned darts (quivered)
Armour
 f - a +0 robe (worn)
Jewellery
 n - a +6 ring of dexterity (left hand)
 p - a +6 ring of strength (right hand)
Scrolls
 a - 2 scrolls of revelation {unknown}
 d - a scroll of blinking {unknown}
 e - a scroll of torment {unknown}
 g - a scroll of fog {unknown}
 h - 3 scrolls of identify {unknown}
 j - a scroll of noise {unknown}
 m - a scroll of amnesia {unknown}
Potions
 b - a potion of magic
 i - 2 potions of haste {unknown}
 l - a potion of curing {unknown}
 o - a potion of mutation {unknown}
 q - a potion of heal wounds {unknown}


   Skills:
 + Level 2.8 Dodging
 + Level 2.9 Stealth
 + Level 2.7 Spellcasting
 + Level 4.4 Necromancy


You had 6 spell levels left.
You knew the following spells:

 Your Spells              Type           Power      Damage    Failure   Level
a - Necrotise             Necr           60%        1d7       3%          1
b - Sting                 Tmut/Pois      8%         1d3       21%         1

Your spell library contained the following spells:

 Spells                   Type           Power      Damage    Failure   Level
 Vampiric Draining        Necr           15%        2d7       10%         3
 Apportation              Tloc           4%         N/A       21%         1
 Jinxbite                 Hex            4%         N/A       30%         2
 Poisonous Vapours        Pois/Air       4%         N/A       30%         2
 Animate Dead             Necr           15%        N/A       32%         4
 Agony                    Necr           15%        N/A       67%         5
 Olgreb's Toxic Radiance  Pois           2%         N/A       90%         4
 Alistair's Intoxication  Tmut/Pois      1%         N/A       99%         5


Dungeon Overview and Level Annotations

Branches:
Dungeon (3/15)

Altars:

Shops:
D:3 ?

Annotations:
D:3 3 runed translucent doors, Zeus21348's ghost, amateur DsGl


Message History

An orc priest and an orc come into view.
The orc priest looks satisfied for a moment.
Casting: Sting (safe; 21% risk of failure)
Confirm with . or Enter, or press ? or * to list all spells.
Aiming: Sting (safe; 21% risk of failure)
Press: ? - help, Shift-Dir - straight line, f - orc
Aim: an orc, wielding a +0 flail and wearing a +0 leather armour (64% to hit)
The sting hits the orc but does no damage.
The orc is poisoned.
The orc shouts!
A hobgoblin comes into view.
Casting: Sting (safe; 21% risk of failure)
Confirm with . or Enter, or press ? or * to list all spells.
Aiming: Sting (safe; 21% risk of failure)
Press: ? - help, Shift-Dir - straight line, f/p - orc
Aim: an orc, wielding a +0 flail and wearing a +0 leather armour (poisoned, 64% to hit)
The sting hits the orc but does no damage.
The orc looks even sicker.
You kill the orc!
The orc barely misses you.
You hit the orc.
The orc is lightly wounded.
The orc priest casts a cantrip, but nothing happens.
You hit the orc.
The orc is almost dead.
The orc hits you with a +0 whip.
You barely miss the orc.
The orc is almost dead.
The orc barely misses you.
You barely miss the orc.
The orc is almost dead.
The orc barely misses you.
The orc priest calls down the wrath of Beogh upon you.
Beogh smites you!
The orc priest calls down the wrath of Beogh upon you.
Beogh smites you!
* * * LOW HITPOINT WARNING * * *
The orc priest mumbles some strange prayers to Beogh against you.
Beogh smites you!
You die...

...#.#.#.#.......# #.#
.......#.#.#....#####.#
####.#................#
#.##.>..############
#.#####.......# #.#
#######.## #.#
#........#
#.#####.##############
#............@.o.o.o.#
#######.###########o##
#.# #.# #.# #.# #.# #.#
#.# #o# #.# #o# #.# #.#
#.#


You could see 2 orc priests and 2 orcs.

Vanquished Creatures
  3 adders
  2 worms
  3 orcs (D:3)
  6 bats
  3 endoplasms
  A giant cockroach (D:3)
  A goblin (D:2)
  5 hobgoblins
  4 jackals (D:3)
  A quokka (D:2)
  3 ball pythons
  A frilled lizard (D:3)
  2 kobolds
  4 rats
39 creatures vanquished.

Vanquished Creatures (collateral kills)
  A bat (D:1)
1 creature vanquished.

Grand Total: 40 creatures vanquished

Notes
Turn   | Place    | Note
-------+----------+-------------------------------------------
     0 | D:1      | milododd the Human Necromancer began the quest for the Orb.
     0 | D:1      | Reached XP level 1. HP: 13/13 MP: 3/3
     4 | D:1      | Learned a level 1 spell: Sting
   985 | D:2      | Reached XP level 2. HP: 19/19 MP: 1/5
  1274 | D:2      | Reached XP level 3. HP: 23/24 MP: 4/6
  1610 | D:2      | Found a faded altar of an unknown god.
  1882 | D:3      | Noticed Zeus21348's ghost (amateur DsGl)
  2113 | D:3      | Reached XP level 4. HP: 30/30 MP: 5/7
  2139 | D:3      | Found a runed translucent gate.
  2140 | D:3      | Found a runed translucent gate.
  2141 | D:3      | Found a runed translucent gate.
  2423 | D:3      | Found Cejuop's Magic Scroll Shop.
  2850 | D:3      | Killed from afar by an orc priest

Illustrated notes

Levels and vault maps discovered:
D:1:      heliophobic_arrival_ceremonial_halls, layout_basic,
          chequers_serial_rivers_micro_a, minmay_misc_feat_square
D:2:      layout_loops_ring, dreamdust_ecumenical_altar_angels_and_demons
D:3:      layout_basic, gammafunk_ghost_split, serial_shops,
          nicolae_shop_getting_attention

Action                     |  1- 3 |  4- 6 || total
---------------------------+-------+-------++-------
  Melee: Dagger            |    78 |    98 ||   176
         Whip              |     5 |       ||     5
         Punch             |     3 |     1 ||     4
  Throw: Dart              |     5 |     4 ||     9
   Cast: Necrotise         |    21 |     1 ||    22
         Sting             |     8 |     7 ||    15
   Stab: Sleeping          |       |     2 ||     2
 Armour: Robe              |    31 |    56 ||    87
  Dodge: Dodged            |    54 |    82 ||   136

Table legend: (Time is in decaauts)
 A = Elapsed time spent in this place.
 B = Non-inter-level travel time spent in this place.
 C = Inter-level travel time spent in this place.
 D = Time resting spent in this place.
 E = Time spent auto-exploring this place.
 F = Levels seen in this place.
 G = Mean time per level.
                   A        B        C        D        E       F      G
               +--------+--------+--------+--------+--------+-----+--------+
         Total |   2848 |   2646 |    202 |    155 |   1850 |   3 |  949.3 |
       Dungeon |   2848 |   2646 |    202 |    155 |   1850 |   3 |  949.3 |
               +--------+--------+--------+--------+--------+-----+--------+

Top non-repeatable levels by time:
     D:3: 979 daAuts
     D:1: 945 daAuts
     D:2: 923 daAuts
